[Event "1st Archibald 2019"]
[Site "Sochi"]
[Date "2019.05.12"]
[Round "1.6"]
[White "Alexeev, Alexey"]
[Black "Khalifman, Alexander"]
[Result "0-1"]
[ECO "B40"]
[WhiteElo "2292"]
[BlackElo "2616"]
[Annotator "RC"]
[PlyCount "118"]
[EventDate "2019.05.12"]
[EventType "swiss"]
[EventCountry "RUS"]
[SourceTitle "playchess.com"]
[Source "ChessBase"]
[SourceQuality "1"]
[TimeControl "5400+30"]

1. e4 c5 2. Nf3 e6 3. g3 Nc6 4. Bg2 Nf6 5. Qe2 e5 6. O-O Be7 7. c3 O-O 8. Na3 Re8 9. d3 h6 10. Nc4 Bf8 11. Ne3 d5 12. Nh4 Be6 13. Qf3 Ne7 14. Nhf5 d4 15. Nxe7+ Bxe7 16. Nd5 Qd7 17. Nxe7+ Rxe7 18. Qe2 dxc3 19. bxc3 c4 20. dxc4 Qa4 21. Re1 Rc7 22. h3 Rxc4 23. Qf3 Nd7 24. Bf1 Rc7 25. Qe3 Bc4 26. Bg2 Nc5 27. Bd2 Rd8 28. Reb1 b5 29. Be1 Qc2 30. Rc1 Qd3 31. Qxd3 Nxd3 32. Rd1 Rdd7 33. Bf1 Nxe1 34. Rxd7 Nf3+ 35. Kg2 Bxf1+ 36. Rxf1 Rxd7 37. Kxf3 Rd3+ 38. Kg2 Rxc3 39. Rb1 Rc5 40. Rd1 a5 41. Rd8+ Kh7 42. h4 Kg6 43. Rd6+ f6 44. Rd7 h5 45. Ra7 a4 46. a3 Rc3 47. Rb7 Rb3 48. f3 Rb2+ 49. Kh3 Rf2 50. Rxb5 Rxf3 51. Ra5 Rxa3 52. Ra7 Ra1 53. Kg2 a3 54. Kh2 a2 55. Kg2 f5 56. Ra6+ Kh7 57. exf5 e4 58. Ra3 e3 59. Rxe3 Rb1 0-1

[Event "1st Archibald 2019"]
[Site "Sochi"]
[Date "2019.05.12"]
[Round "1.11"]
[White "Stupak, Kirill"]
[Black "Azimov, Ilyas"]
[Result "1-0"]
[ECO "D11"]
[WhiteElo "2551"]
[BlackElo "2223"]
[Annotator "ChessBase"]
[PlyCount "133"]
[EventDate "2019.05.12"]
[EventType "swiss"]
[EventCountry "RUS"]
[SourceTitle "playchess.com"]
[Source "ChessBase"]
[SourceQuality "1"]
[TimeControl "5400+30"]

1. d4 Nf6 2. g3 d5 3. Bg2 c6 4. Nf3 Bf5 5. O-O e6 6. c4 Nbd7 7. Nc3 h6 8. Qb3 Qb6 9. c5 Qxb3 10. axb3 a6 11. b4 Rc8 12. Nd2 Be7 13. Nb3 Bd8 14. Bf4 Bc7 15. Bxc7 Rxc7 16. b5 Nb8 17. b6 Re7 18. f3 e5 19. e4 dxe4 20. fxe4 exd4 21. Nd5 cxd5 22. exf5 Nc6 23. Rfd1 Kd7 24. Nxd4 Nxd4 25. Rxd4 Kc6 26. b4 Rhe8 27. g4 Re1+ 28. Rxe1 Rxe1+ 29. Kf2 Re5 30. Bf3 Nd7 31. Rd1 Nf6 32. Rd4 Nd7 33. Kg3 a5 34. bxa5 Nxc5 35. Rd1 f6 36. h4 Kb5 37. Ra1 Re3 38. Kf2 Re5 39. Kg2 Kc4 40. Rb1 Re8 41. Rc1+ Kb4 42. Bxd5 Nd3 43. Rd1 Nc5 44. Ra1 Ra8 45. Re1 Rd8 46. Bxb7 Nxb7 47. a6 Nc5 48. a7 Kb5 49. Re7 Kxb6 50. Rxg7 Nb7 51. Rf7 Kxa7 52. Rxf6 Rh8 53. Kf3 Nd8 54. g5 hxg5 55. hxg5 Kb7 56. Rd6 Kc7 57. Rd1 Nf7 58. g6 Ne5+ 59. Kf4 Re8 60. g7 Nf7 61. f6 Ra8 62. Kf5 Ra2 63. Re1 Kd6 64. Kg6 Ne5+ 65. Rxe5 Kxe5 66. f7 Rg2+ 67. Kh7 1-0

[Event "1st Archibald 2019"]
[Site "Sochi"]
[Date "2019.05.12"]
[Round "1.12"]
[White "Dashko, Andrey"]
[Black "Tsydypov, Zhamsaran"]
[Result "1/2-1/2"]
[ECO "B90"]
[WhiteElo "2211"]
[BlackElo "2546"]
[Annotator "ChessBase"]
[PlyCount "120"]
[EventDate "2019.05.12"]
[EventType "swiss"]
[EventCountry "RUS"]
[SourceTitle "playchess.com"]
[Source "ChessBase"]
[SourceQuality "1"]
[TimeControl "5400+30"]

1. e4 c5 2. Nf3 d6 3. d4 cxd4 4. Nxd4 Nf6 5. Nc3 a6 6. f3 e5 7. Nb3 Be6 8. Be3 Be7 9. Qd2 O-O 10. O-O-O a5 11. Kb1 a4 12. Nc1 a3 13. b3 Ra5 14. Na4 Rxa4 15. bxa4 d5 16. exd5 Nxd5 17. Bc4 Bb4 18. Qd3 Nc3+ 19. Qxc3 Bxc3 20. Rxd8 Rxd8 21. Bxe6 fxe6 22. Nb3 Nc6 23. Bc1 Ra8 24. Bxa3 Rxa4 25. Bb2 Bd4 26. Re1 Kf7 27. Bxd4 exd4 28. Rxe6 Kxe6 29. Nc5+ Ke5 30. Nxa4 Kf4 31. Nc5 Ke3 32. Ne6 Kf2 33. g3 Kxf3 34. Nxg7 Kg2 35. Ne8 Ne5 36. Nf6 h6 37. Ng8 Ng4 38. Ne7 Kxh2 39. Nf5 h5 40. Kc1 Nf6 41. Kd1 Ne4 42. a4 Nxg3 43. Nxd4 Kg2 44. Ke1 h4 45. Ne6 Nh5 46. Ng5 Nf4 47. a5 Ng6 48. Ke2 Ne5 49. Ke3 Nf7 50. Ne6 Kg3 51. Nf4 Ne5 52. Ne2+ Kg4 53. Kf2 Nc6 54. Nc3 Nxa5 55. Ne4 Nc4 56. Nc5 b5 57. Ne6 h3 58. Nd4 Nd6 59. Kg1 Ne4 60. Kh2 Nd6 1/2-1/2

[Event "1st Archibald 2019"]
[Site "Sochi"]
[Date "2019.05.12"]
[Round "1.13"]
[White "Bocharov, Dmitry"]
[Black "Bimiev, Ahmad"]
[Result "0-1"]
[ECO "C90"]
[WhiteElo "2530"]
[BlackElo "2196"]
[Annotator "ChessBase"]
[PlyCount "64"]
[EventDate "2019.05.12"]
[EventType "swiss"]
[EventCountry "RUS"]
[SourceTitle "playchess.com"]
[Source "ChessBase"]
[SourceQuality "1"]
[TimeControl "5400+30"]

1. e4 e5 2. Nf3 Nc6 3. Bb5 a6 4. Ba4 Nf6 5. O-O Be7 6. Re1 b5 7. Bb3 d6 8. c3 Nb8 9. d4 Nbd7 10. Bxf7+ Kxf7 11. Ng5+ Kg6 12. f4 exf4 13. Ne6 Qg8 14. Nxf4+ Kf7 15. e5 dxe5 16. dxe5 Nxe5 17. Rxe5 Bd6 18. Re1 Bg4 19. Qc2 Re8 20. Rf1 Bxf4 21. Bxf4 Re2 22. Qd3 Qa8 23. Qg3 h5 24. Bg5 Qa7+ 25. Kh1 Qc5 26. Bxf6 gxf6 27. b4 Qc6 28. Na3 Rg8 29. Rae1 h4 30. Qxg4 Rxg4 31. Rxe2 h3 32. Rff2 Rxb4 0-1

[Event "1st Archibald 2019"]
[Site "Sochi"]
[Date "2019.05.12"]
[Round "1.14"]
[White "Mikhailovsky, Vladimir"]
[Black "Korneev, Oleg"]
[Result "1/2-1/2"]
[ECO "D48"]
[WhiteElo "2180"]
[BlackElo "2530"]
[Annotator "ChessBase"]
[PlyCount "120"]
[EventDate "2019.05.12"]
[EventType "swiss"]
[EventCountry "RUS"]
[SourceTitle "playchess.com"]
[Source "ChessBase"]
[SourceQuality "1"]
[TimeControl "5400+30"]

1. d4 Nf6 2. c4 e6 3. Nf3 d5 4. Nc3 c6 5. e3 Nbd7 6. Bd3 dxc4 7. Bxc4 b5 8. Bd3 a6 9. O-O c5 10. Qe2 Bb7 11. Rd1 Rc8 12. e4 cxd4 13. Nxd4 Bc5 14. Be3 O-O 15. f3 Qc7 16. Rac1 Qb8 17. Nb3 Bd6 18. g3 Ne5 19. Qf2 Nxd3 20. Rxd3 Be5 21. Rcd1 Rcd8 22. Bd4 Bxd4 23. Rxd4 Rc8 24. Rd6 b4 25. Na4 Nd5 26. Rd7 Bc6 27. Nac5 Qb5 28. Rd6 Nf6 29. a4 bxa3 30. bxa3 a5 31. a4 Qb6 32. Kg2 h5 33. Qd2 Ne8 34. Rd8 Nf6 35. Rxf8+ Rxf8 36. Qxa5 Qxa5 37. Nxa5 Bxa4 38. Nxa4 Ra8 39. Nc6 Rxa4 40. Rd8+ Kh7 41. Ne5 Ra2+ 42. Kh3 g5 43. Rf8 g4+ 44. Kh4 Kh6 45. h3 gxh3 46. Kxh3 Nh7 47. Nxf7+ Kg7 48. Rh8 Nf6 49. e5 Nd5 50. Rxh5 Kxf7 51. Rh6 Ra3 52. Kg4 Ne3+ 53. Kg5 Nf5 54. Rf6+ Ke7 55. g4 Nd4 56. f4 Rg3 57. Rh6 Nf3+ 58. Kh5 Rh3+ 59. Kg6 Rxh6+ 60. Kxh6 Kf7 1/2-1/2

[Event "1st Archibald 2019"]
[Site "Sochi"]
[Date "2019.05.12"]
[Round "1.15"]
[White "Kotsur, Pavel"]
[Black "Novikov, Evgenij"]
[Result "1-0"]
[ECO "B10"]
[WhiteElo "2527"]
[BlackElo "2148"]
[Annotator "ChessBase"]
[PlyCount "115"]
[EventDate "2019.05.12"]
[EventType "swiss"]
[EventCountry "RUS"]
[SourceTitle "playchess.com"]
[Source "ChessBase"]
[SourceQuality "1"]
[TimeControl "5400+30"]

1. e4 c6 2. c4 d5 3. exd5 cxd5 4. cxd5 Nf6 5. Qa4+ Nbd7 6. Nc3 g6 7. Nf3 Bg7 8. Bc4 O-O 9. d3 a6 10. Qa3 b6 11. O-O Bb7 12. Qb4 Nc5 13. Bg5 Rc8 14. a4 h6 15. Be3 a5 16. Qa3 Nxd5 17. Nxd5 Bxd5 18. Bxd5 Qxd5 19. d4 Ne6 20. Qxe7 Nxd4 21. Nxd4 Bxd4 22. Rad1 Qc5 23. Qxc5 Bxc5 24. Bxh6 Rfe8 25. g3 Re2 26. b3 Rb2 27. Rd3 Re8 28. Bg5 Re6 29. Bc1 Rc2 30. Bd2 Re2 31. Bc3 f5 32. Bd4 Kf7 33. Bxc5 Rxc5 34. Rd7+ Re7 35. Rfd1 b5 36. R1d5 Rc1+ 37. Kg2 Rxd7 38. Rxd7+ Ke6 39. Ra7 bxa4 40. bxa4 Rc5 41. f4 Kd5 42. Ra6 Kc4 43. Rb6 Kc3 44. h4 Rc4 45. Rxg6 Rxa4 46. h5 Ra2+ 47. Kh3 Ra1 48. Kh4 a4 49. Kg5 Rh1 50. Ra6 Kb3 51. Kxf5 Rxh5+ 52. Kg6 Rh1 53. g4 a3 54. f5 a2 55. f6 Rh4 56. Rxa2 Rxg4+ 57. Kf5 Rg1 58. Rf2 1-0

[Event "1st Archibald 2019"]
[Site "Sochi"]
[Date "2019.05.12"]
[Round "1.16"]
[White "Kazimov, Farhan"]
[Black "Raja Harshit"]
[Result "0-1"]
[ECO "B92"]
[WhiteElo "2146"]
[BlackElo "2446"]
[Annotator "ChessBase"]
[PlyCount "106"]
[EventDate "2019.05.12"]
[EventType "swiss"]
[EventCountry "RUS"]
[SourceTitle "playchess.com"]
[Source "ChessBase"]
[SourceQuality "1"]
[TimeControl "5400+30"]

1. e4 c5 2. Nf3 d6 3. d4 cxd4 4. Nxd4 Nf6 5. Nc3 a6 6. Be3 Ng4 7. Bc1 Nf6 8. Be3 e5 9. Nb3 Be6 10. Be2 Be7 11. Qd2 O-O 12. O-O-O b5 13. a3 Nbd7 14. g4 Nxg4 15. Bxg4 Bxg4 16. Rde1 Nf6 17. Rhg1 Kh8 18. Rg3 Rc8 19. f3 Be6 20. Reg1 Rg8 21. Rd1 Qc7 22. Kb1 d5 23. exd5 Nxd5 24. Nxd5 Bxd5 25. Qxd5 Rgd8 26. Qxf7 Rxd1+ 27. Ka2 Bf6 28. Qxc7 Rxc7 29. c3 Re1 30. f4 h6 31. fxe5 Bxe5 32. Rf3 Re2 33. Nd4 Rxh2 34. Kb3 Bxd4 35. Bxd4 Rg2 36. Re3 Kh7 37. Re6 Rg6 38. Re5 Rgc6 39. a4 bxa4+ 40. Kxa4 g5 41. b4 g4 42. Ka5 Kg6 43. Re8 Rf7 44. Rg8+ Kh5 45. Bc5 Rf5 46. c4 Rcxc5+ 47. bxc5 Rxc5+ 48. Kb4 Rg5 49. Rxg5+ hxg5 50. c5 g3 51. c6 g2 52. c7 g1=Q 53. c8=Q Qg4+ 0-1

[Event "1st Archibald 2019"]
[Site "Sochi"]
[Date "2019.05.12"]
[Round "1.17"]
[White "Lugovskoy, Maxim"]
[Black "Ufimtsev, Egor"]
[Result "1-0"]
[ECO "B22"]
[WhiteElo "2445"]
[BlackElo "2101"]
[Annotator "NA"]
[PlyCount "87"]
[EventDate "2019.05.12"]
[EventType "swiss"]
[EventCountry "RUS"]
[SourceTitle "playchess.com"]
[Source "ChessBase"]
[SourceQuality "1"]
[TimeControl "5400+30"]

1. e4 c5 2. Nf3 e6 3. c3 Nf6 4. e5 Nd5 5. d4 cxd4 6. cxd4 d6 7. Bc4 Nb6 8. Bd3 Nc6 9. O-O Nb4 10. Nc3 {[%emt 0:01:01] B22: Sicilian: 2 c3} (10. Bg5 Be7 11. Bxe7 Qxe7 12. Nc3 dxe5 13. dxe5 Nxd3 14. Qxd3 Bd7 15. Ne4 O-O 16. Nd4 Rad8 17. Rad1 Bc6 18. Nxc6 bxc6 {½-½ (34) Liang,A (2590)-Caruana,F (2828) Saint Louis 2019}) 10... Nxd3 11. Qxd3 Be7 12. exd6 Bxd6 13. Ne4 Be7 14. Rd1 Nd5 $146 ({Predecessor:} 14... O-O 15. b3 Nd5 16. Bb2 b6 17. Rac1 Bb7 {½-½ (82) Postanogov,D (1961)-Ufimtsev,E (2145) St Petersburg 2018}) 15. Bd2 Nf6 {[%emt 0:04:20] [#]} (15... f6 $15) 16. Rac1 (16. Nxf6+ $1 $16 Bxf6 17. Bb4) 16... O-O 17. Ne5 Bd7 18. Nxf6+ ({But not} 18. Nxd7 Qxd7 19. h3 Rfd8 $11) 18... Bxf6 19. Qf3 Bc6 20. Nxc6 bxc6 21. Bb4 Re8 22. Rxc6 Rb8 23. Bc3 Qd7 24. g3 Rb5 25. Rc5 h6 26. Qc6 Qxc6 27. Rxc6 Rd8 28. Rc7 Rbd5 29. Rc1 (29. Rxa7 $18 Bxd4 30. Rxd4 Rxd4 31. Bxd4 Rxd4 32. a3) 29... Ra8 30. Rc4 Rad8 31. Ra4 R8d7 32. b3 g5 33. Kf1 Bxd4 34. Bxd4 Rxd4 35. Rxd4 Rxd4 36. Rc7 a5 37. Rc5 a4 38. Rc4 Rxc4 39. bxc4 Kf8 40. Ke2 Ke7 41. c5 Kd7 42. Kd3 Kc6 $11 43. Kc4 e5 44. g4 1-0

[Event "1st Archibald 2019"]
[Site "Sochi"]
[Date "2019.05.12"]
[Round "1.18"]
[White "Khudyakov, Stanislav"]
[Black "Solozhenkin, Evgeniy"]
[Result "1/2-1/2"]
[ECO "B21"]
[WhiteElo "2086"]
[BlackElo "2441"]
[Annotator "NA"]
[PlyCount "124"]
[EventDate "2019.05.12"]
[EventType "swiss"]
[EventCountry "RUS"]
[SourceTitle "playchess.com"]
[Source "ChessBase"]
[SourceQuality "1"]
[TimeControl "5400+30"]

1. e4 c5 2. d4 cxd4 3. c3 dxc3 4. Nxc3 Nc6 5. Nf3 e6 6. Bc4 Qc7 7. O-O Nf6 8. Nb5 Qb8 9. e5 {[%emt 0:00:07] B21: Sicilian: 2 f4 and Morra Gambit} Ng4 (9... a6 10. exf6 axb5 11. fxg7 Bxg7 12. Bxb5 O-O 13. a4 d5 14. Be3 Qc7 15. Qd2 Qa5 16. Qc1 Bd7 {½-½ (32) Poweronoff (2501)-Rajlich,V (2554) playchess.com INT 2006}) 10. Bf4 a6 $1 11. Nd6+ Bxd6 $1 12. exd6 O-O 13. Re1 $146 ({Predecessor:} 13. a3 b5 14. Ba2 Bb7 15. Rc1 Qd8 16. h3 Qf6 {1-0 (52) Probola,R (2250)-Flitsch,G (2278) ICCF email 2016}) 13... b5 14. Bb3 Qb6 15. Qe2 Bb7 16. h3 Nf6 17. Be3 $1 Qa5 18. Bg5 Qb4 19. Rad1 Nd5 20. Bxd5 exd5 21. Be7 Rfe8 22. a3 Qf4 $11 23. Qd3 Nxe7 24. dxe7 Rac8 25. Nd4 g6 26. Re3 Qf6 27. Rde1 Rc4 28. Nb3 Bc6 29. Nd2 Rd4 30. Qc2 Rf4 31. R3e2 Qd6 32. Nb3 Re4 33. f3 R4xe7 34. Rxe7 Rxe7 35. Rxe7 Qxe7 36. Qd2 d4 37. Nxd4 Qc5 38. b4 Qc4 39. Qe3 d6 40. Qd2 Bd5 41. Qe3 Kg7 42. Qd2 f6 43. Qe3 Bf7 44. Qd2 Qd5 45. Kf2 h5 46. Kg1 Qe5 47. Qc3 h4 48. Qd2 Bc4 49. Qc3 f5 50. Qd2 f4 51. Kf2 Kf6 52. Nc6 Qe3+ 53. Qxe3 fxe3+ 54. Kxe3 Bd5 55. Nd4 g5 56. Ne2 Ke5 57. Nd4 Bb7 58. Ne2 Bc6 59. Nc3 Bb7 60. Ne2 Bc6 61. Nc3 Bb7 62. Ne2 Bc6 1/2-1/2

[Event "1st Archibald 2019"]
[Site "Sochi"]
[Date "2019.05.12"]
[Round "1.19"]
[White "Oganian, Miran"]
[Black "Yakimenko, Alexander A."]
[Result "1-0"]
[ECO "A62"]
[WhiteElo "2415"]
[BlackElo "2059"]
[Annotator "NA"]
[PlyCount "137"]
[EventDate "2019.05.12"]
[EventType "swiss"]
[EventCountry "RUS"]
[SourceTitle "playchess.com"]
[Source "ChessBase"]
[SourceQuality "1"]
[TimeControl "5400+30"]

1. d4 e6 2. c4 Nf6 3. g3 c5 4. d5 exd5 5. cxd5 d6 6. Nc3 g6 7. Nf3 Bg7 8. Bg2 O-O 9. O-O a6 10. a4 Re8 11. Bf4 Nh5 12. Bg5 {[%emt 0:00:54] A62: Modern Benoni: Fianchetto Variation without early ...Nbd7} Bf6 {[%emt 0:01:18] [#]} (12... Qc7 13. Qd2 Nd7 14. Rfc1 b6 15. Rab1 Ndf6 16. Nh4 Ng4 17. h3 Ne5 18. b3 f6 19. Be3 f5 {0-1 (45) Jumabayev,R (2611)-Zhigalko,S (2671) Doha 2016}) 13. Bc1 (13. Bxf6 $1 $16 Nxf6 14. Nd2) 13... Bg7 $146 ({Predecessor:} 13... Nd7 14. Nd2 Ne5 15. h3 Bg7 16. f4 Nxg3 17. fxe5 Bxe5 18. Nf3 Nxf1 19. Qxf1 Bg7 {0-1 (36) Guramishvili,S (2370)-Majdan,J (2391) Germany 2015}) 14. Nd2 Nd7 15. h3 Rb8 16. a5 b5 17. axb6 $1 Nxb6 18. e4 Bd7 19. Re1 Qc8 20. Kh2 c4 (20... Bd4 $11 {keeps the balance.}) 21. Nf3 Qc5 (21... Bb5 $16) 22. Be3 Qb4 23. Qc2 a5 24. Nd4 Rbc8 (24... Nc8 $142 25. Nce2 Nf6) 25. Red1 h6 26. Ra3 Red8 27. Na2 Qc5 28. Nc6 Qb5 $18 (28... Rxc6 $142 29. Bxc5 Rxc5) 29. Nxd8 Rxd8 30. Nc3 Qb4 31. Bd4 Bxd4 32. Rxd4 Nf6 33. Qd2 Kg7 34. Na2 Qxd2 35. Rxd2 a4 36. Nc3 Ne8 37. f4 f6 38. h4 Nc7 39. Bh3 Be8 40. Kg2 Na6 41. Kf3 Nc5 42. Bf1 Bd7 43. g4 Rf8 44. Rg2 g5 45. Nb1 Nb3 46. Nd2 Nd4+ 47. Kg3 Rc8 48. Rc3 Nb5 49. Nxc4 Nxc3 50. Nxb6 Nxe4+ 51. Kf3 Nc5 52. Nxc8 Bxc8 53. Bb5 gxh4 54. f5 Bb7 55. Bc6 Ba6 56. Rh2 Bf1 57. Rh1 Bd3 58. Rxh4 Be4+ 59. Ke3 Bc2 60. Kd4 Bd1 61. Be8 Kf8 62. Bh5 Nd7 63. Rh1 Bf3 64. Rf1 Be2 65. Re1 Bb5 66. Re6 Kg7 67. Be8 Kf8 68. Bxd7 Bxd7 69. Rxf6+ 1-0

[Event "1st Archibald 2019"]
[Site "Sochi"]
[Date "2019.05.12"]
[Round "1.20"]
[White "Kiriushin, Vladimir"]
[Black "Kovalchuk, Alexey"]
[Result "0-1"]
[ECO "B92"]
[WhiteElo "2041"]
[BlackElo "2410"]
[Annotator "NA"]
[PlyCount "64"]
[EventDate "2019.05.12"]
[EventType "swiss"]
[EventCountry "RUS"]
[SourceTitle "playchess.com"]
[Source "ChessBase"]
[SourceQuality "1"]
[TimeControl "5400+30"]

1. e4 c5 2. Nf3 d6 3. d4 cxd4 4. Nxd4 Nf6 5. Nc3 a6 6. Be2 e5 7. Nb3 Be7 8. a4 O-O 9. O-O Be6 10. Be3 Nbd7 11. Kh1 {[%emt 0:12:29] B92: Sicilian Najdorf: 6 Be2} (11. Qd2 Rc8 12. a5 Re8 13. Bf3 h6 14. Nc1 Nh7 15. g3 Bg5 16. Nd3 Nb8 17. Bxg5 Qxg5 18. Qxg5 hxg5 19. Rfd1 Nc6 20. Ne2 g4 {0-1 (39) Zherebukh,Y (2633)-Xiong,J (2640) Saint Louis 2018}) 11... Rc8 12. f3 Qc7 13. Rc1 Nb6 14. Qe1 $146 ({Predecessor:} 14. f4 Nc4 15. Bxc4 Bxc4 16. Rf2 b5 17. axb5 axb5 18. Nd2 Qb7 19. Qf3 b4 {0-1 (45) Presado,C (1965)-Pereira,R (2160) Lisbon 2004}) 14... Nc4 15. Bxc4 $1 Bxc4 16. Rf2 d5 17. exd5 Nxd5 18. Nxd5 Bxd5 19. a5 Qc6 20. Kg1 Bh4 21. g3 Bf6 22. Nc5 Bxf3 23. b4 $19 e4 24. c3 Be5 25. Rd2 Rfd8 26. Nb3 Qg6 27. Nc5 f5 28. Nxb7 Re8 29. Kf1 f4 30. Bxf4 Bxf4 31. gxf4 e3 32. Re2 Bxb7 0-1

[Event "1st Archibald 2019"]
[Site "Sochi"]
[Date "2019.05.12"]
[Round "1.21"]
[White "Guseva, Marina"]
[Black "Osipov, Aleksandr"]
[Result "0-1"]
[ECO "E15"]
[WhiteElo "2402"]
[BlackElo "2024"]
[Annotator "NA"]
[PlyCount "78"]
[EventDate "2019.05.12"]
[EventType "swiss"]
[EventCountry "RUS"]
[SourceTitle "playchess.com"]
[Source "ChessBase"]
[SourceQuality "1"]
[TimeControl "5400+30"]

1. d4 Nf6 2. c4 e6 3. Nf3 b6 4. g3 Ba6 5. Qa4 Bb7 6. Bg2 c5 7. dxc5 Bxc5 8. O-O O-O 9. Nc3 ({Predecessor:} 9. Bf4 a6 {½-½ (19) Kourousis,E (2420)-Vesselovsky,S (2339) Czech Republic 2015}) 9... a6 10. Bf4 {[%emt 0:14:47] E15: Queen's Indian: 4 g3 sidelines, 4 g3 Ba6 and 4 g3 Bb7 early deviations} Be7 11. Rfd1 d6 12. Rd2 $146 (12. Qa3 Ne8 13. b4 Nd7 14. Qb3 Qb8 15. Rd2 h6 16. Rad1 Qa7 17. Qa4 Ndf6 18. Nd4 {1-0 (66) Mamedyarov,S (2752)-Karjakin,S (2732) Baku 2008}) 12... Qc7 13. Rad1 Rd8 14. Qc2 h6 15. b3 Nh5 (15... b5 $5) 16. Be3 Nf6 17. Ne1 Bxg2 18. Kxg2 Nbd7 19. f3 Rac8 20. Nb1 Qb7 21. Qb2 b5 22. cxb5 axb5 23. Bd4 Rc6 ({Black should try} 23... e5 24. Bf2 d5) 24. Nd3 Rdc8 25. a3 R6c7 26. Nb4 $1 $11 Bf8 27. Kg1 Be7 28. Rc2 Rxc2 29. Nxc2 h5 $15 30. Nb4 h4 31. Rc1 Nc5 32. Nd2 e5 33. Bf2 e4 34. Nc2 Re8 35. b4 Ne6 36. Ne3 Ng5 37. f4 Nh3+ 38. Kg2 Nxf2 39. Kxf2 Qa7 0-1

[Event "1st Archibald 2019"]
[Site "Sochi"]
[Date "2019.05.13"]
[Round "2.9"]
[White "Bimiev, Ahmad"]
[Black "Stupak, Kirill"]
[Result "0-1"]
[ECO "A13"]
[WhiteElo "2196"]
[BlackElo "2551"]
[Annotator "ChessBase"]
[PlyCount "78"]
[EventDate "2019.05.12"]
[EventType "swiss"]
[EventCountry "RUS"]
[SourceTitle "playchess.com"]
[Source "ChessBase"]
[SourceQuality "1"]
[TimeControl "5400+30"]

1. c4 g6 2. g3 Bg7 3. Bg2 e6 4. Nc3 Ne7 5. d4 d5 6. Nf3 O-O 7. cxd5 exd5 8. O-O Nbc6 9. a3 Bg4 10. e3 Qd7 11. b4 Qf5 12. Nh4 Qe6 13. f3 Bh3 14. f4 Bxg2 15. Kxg2 Bf6 16. Nf3 Nf5 17. Ne5 Bxe5 18. fxe5 f6 19. g4 Nfe7 20. exf6 Rxf6 21. Rxf6 Qxf6 22. Qf3 Qe6 23. Bd2 Rf8 24. Qg3 Nc8 25. Rf1 Rxf1 26. Kxf1 Nd6 27. Qf3 Ne7 28. Ke2 Ne4 29. b5 a6 30. a4 axb5 31. axb5 Nc8 32. Na4 Qd7 33. Nc5 Qxb5+ 34. Kd1 Ncd6 35. Be1 Nc4 36. Nxe4 Qb1+ 37. Ke2 Qxe4 38. Qg3 Qe7 39. Qg2 Qxe3+ 0-1

[Event "1st Archibald 2019"]
[Site "Sochi"]
[Date "2019.05.13"]
[Round "2.10"]
[White "Osipov, Aleksandr"]
[Black "Kotsur, Pavel"]
[Result "0-1"]
[ECO "E20"]
[WhiteElo "2024"]
[BlackElo "2527"]
[Annotator "ChessBase"]
[PlyCount "70"]
[EventDate "2019.05.12"]
[EventType "swiss"]
[EventCountry "RUS"]
[SourceTitle "playchess.com"]
[Source "ChessBase"]
[SourceQuality "1"]
[TimeControl "5400+30"]

1. d4 e6 2. c4 Nf6 3. Nc3 Bb4 4. g3 O-O 5. Bg2 d5 6. Nf3 c6 7. O-O b6 8. Bg5 Bb7 9. Qa4 a5 10. a3 Be7 11. Ne5 Nfd7 12. Bf4 Nxe5 13. Bxe5 Nd7 14. Bf4 g5 15. Bd2 f5 16. Rad1 Qe8 17. Bc1 Kh8 18. e4 fxe4 19. f3 b5 20. cxb5 cxb5 21. Qb3 exf3 22. Bxf3 b4 23. Nb5 Nc5 24. dxc5 Qxb5 25. Kg2 Qxc5 26. Be3 Qd6 27. Kg1 Rad8 28. Bg2 Rxf1+ 29. Rxf1 Ba6 30. Rf7 Kg8 31. Rf2 Qe5 32. axb4 axb4 33. Bb6 Qe1+ 34. Bf1 Rf8 35. Rxf8+ Bxf8 0-1

[Event "1st Archibald 2019"]
[Site "Sochi"]
[Date "2019.05.13"]
[Round "2.12"]
[White "Tsydypov, Zhamsaran"]
[Black "Najdin, Danil"]
[Result "1-0"]
[ECO "B18"]
[WhiteElo "2546"]
[BlackElo "2314"]
[Annotator "ChessBase"]
[PlyCount "51"]
[EventDate "2019.05.12"]
[EventType "swiss"]
[EventCountry "RUS"]
[SourceTitle "playchess.com"]
[Source "ChessBase"]
[SourceQuality "1"]
[TimeControl "5400+30"]

1. e4 c6 2. d4 d5 3. Nc3 dxe4 4. Nxe4 Bf5 5. Nc5 e5 6. Nxb7 Qxd4 7. Qxd4 exd4 8. Nf3 Bxc2 9. Nxd4 Be4 10. f3 Bd5 11. Bf4 Nf6 12. O-O-O Nh5 13. Be3 Be7 14. Nb5 Kd7 15. g4 Rc8 16. gxh5 cxb5+ 17. Kb1 Ke6 18. Bh3+ f5 19. Rhe1 Bb4 20. Bg5+ Bxe1 21. Rxe1+ Kd7 22. Bxf5+ Kc7 23. Re7+ Kb6 24. Be3+ Ka6 25. Bxc8 Nc6 26. Rc7 1-0

[Event "1st Archibald 2019"]
[Site "Sochi"]
[Date "2019.05.13"]
[Round "2.13"]
[White "Korneev, Oleg"]
[Black "Dashko, Andrey"]
[Result "1-0"]
[ECO "B42"]
[WhiteElo "2530"]
[BlackElo "2211"]
[Annotator "ChessBase"]
[PlyCount "58"]
[EventDate "2019.05.12"]
[EventType "swiss"]
[EventCountry "RUS"]
[SourceTitle "playchess.com"]
[Source "ChessBase"]
[SourceQuality "1"]
[TimeControl "5400+30"]

1. e4 c5 2. Nf3 e6 3. d4 cxd4 4. Nxd4 a6 5. Bd3 Nf6 6. O-O Qc7 7. Qe2 d6 8. c4 Be7 9. Nc3 O-O 10. Be3 Bd7 11. Rac1 Re8 12. f4 Nc6 13. Nf3 Bf8 14. Kh1 Rac8 15. a3 Qb8 16. b4 g6 17. c5 dxc5 18. bxc5 Ng4 19. e5 Nxe3 20. Qxe3 Ne7 21. Ne4 Nd5 22. Qd2 Red8 23. Nd6 Bxd6 24. cxd6 Qa7 25. Be4 Rc5 26. f5 Rdc8 27. Bxd5 exd5 28. Rxc5 Qxc5 29. Qh6 Qa7 1-0

[Event "1st Archibald 2019"]
[Site "Sochi"]
[Date "2019.05.13"]
[Round "2.14"]
[White "Solozhenkin, Evgeniy"]
[Black "Mikhailovsky, Vladimir"]
[Result "1/2-1/2"]
[ECO "A11"]
[WhiteElo "2441"]
[BlackElo "2180"]
[Annotator "ChessBase"]
[PlyCount "95"]
[EventDate "2019.05.12"]
[EventType "swiss"]
[EventCountry "RUS"]
[SourceTitle "playchess.com"]
[Source "ChessBase"]
[SourceQuality "1"]
[TimeControl "5400+30"]

1. Nf3 Nf6 2. g3 d5 3. Bg2 Bg4 4. c4 c6 5. O-O Nbd7 6. cxd5 cxd5 7. Nc3 e6 8. Qb3 Bxf3 9. Bxf3 Nc5 10. Qb5+ Qd7 11. Qxd7+ Kxd7 12. d3 Bd6 13. Be3 Rhc8 14. Rfc1 Ke7 15. b4 Ncd7 16. Nb5 Bxb4 17. Nxa7 Rxc1+ 18. Rxc1 Bc5 19. Rxc5 Rxa7 20. Rc2 Ra4 21. Rb2 Ne8 22. Bg5+ f6 23. Bd2 Kd6 24. Bb4+ Kc7 25. e3 Ne5 26. Be2 Nd6 27. a3 Ra7 28. h4 g6 29. g4 f5 30. g5 Nb5 31. Bc5 Ra5 32. d4 Nc4 33. Bxc4 dxc4 34. a4 b6 35. axb5 bxc5 36. dxc5 c3 37. Rc2 Rxb5 38. Rxc3 Rb4 39. f4 e5 40. Ra3 exf4 41. exf4 Rxf4 42. Ra7+ Kc6 43. Rxh7 Kxc5 44. Kg2 Kd5 45. Kg3 Ra4 46. Rd7+ Ke5 47. Re7+ Kd5 48. Rd7+ 1/2-1/2

[Event "1st Archibald 2019"]
[Site "Sochi"]
[Date "2019.05.13"]
[Round "2.15"]
[White "Zakaryan, David"]
[Black "Khudyakov, Stanislav"]
[Result "1-0"]
[ECO "C16"]
[WhiteElo "2350"]
[BlackElo "2086"]
[Annotator "ChessBase"]
[PlyCount "111"]
[EventDate "2019.05.12"]
[EventType "swiss"]
[EventCountry "RUS"]
[SourceTitle "playchess.com"]
[Source "ChessBase"]
[SourceQuality "1"]
[TimeControl "5400+30"]

1. e4 e6 2. d4 d5 3. Nc3 Bb4 4. e5 Qd7 5. f4 b6 6. Nf3 Ba6 7. Bxa6 Nxa6 8. Qe2 Nb8 9. O-O g6 10. Nd1 h5 11. Ne3 Nh6 12. c4 c6 13. b3 Nf5 14. Nxf5 gxf5 15. Be3 Be7 16. Rac1 a5 17. Ng5 Na6 18. Rf3 dxc4 19. bxc4 c5 20. d5 Bxg5 21. fxg5 O-O-O 22. Rb1 Kb7 23. d6 Qc6 24. Bd2 Ka7 25. Rb5 Rb8 26. a3 h4 27. h3 Rhg8 28. Rfb3 Rg6 29. Qf3 Qxf3 30. Rxf3 Rgg8 31. Rfb3 a4 32. Rb1 Rgd8 33. Kf2 Rd7 34. g3 hxg3+ 35. Kxg3 Rbb7 36. h4 Nb8 37. h5 Nc6 38. Bc3 Rd8 39. Kf4 Ka6 40. R5b2 Rh8 41. h6 Nb8 42. Rg1 Nd7 43. g6 fxg6 44. Rxg6 Nf8 45. Rf6 Rg8 46. Kf3 Nh7 47. Rg2 Rxg2 48. Kxg2 Nxf6 49. exf6 b5 50. Kf3 Kb6 51. Kf4 Kc6 52. Kg5 b4 53. Be5 b3 54. Kg6 f4 55. h7 Rb8 56. f7 1-0